 Dungeon Crawl Stone Soup version 0.19.4-8-ga85b6b9 (webtiles) character file.

224107 vatarom the Slicer (level 18, -9/110 HPs)
             Began as a Vine Stalker Assassin on Feb 6, 2017.
             Was a Believer of Uskayaw.
             Mangled by a deep troll (17 damage)
             ... on level 1 of the Depths.
             The game lasted 01:33:28 (29403 turns).

vatarom the Slicer (Vine Stalker Assassin)         Turns: 29403, Time: 01:33:29

Health: -9/110     AC: 18    Str: 25    XL:     18   Next: 81%
Magic:  0/27       EV: 19    Int: 15    God:    Uskayaw [**....]
Gold:   2326       SH:  6    Dex: 18    Spells: 0 memorised, 17 levels left

rFire  + + +     SeeInvis +     F - +8 rapier "Tagefikud" {flame, rElec rF+++ rN+ Dex-4}
rCold  . . .     Gourm    .     r - +4 ring mail "Petidu" {Int+3 Dex+3}
rNeg   + . .     Faith    .     M - +0 buckler "Xihuemiw" {Str+10 Int-5 Dex-4 Slay+4} (curse)
rPois  +         Spirit   +     S - +0 helmet
rElec  +         Reflect  .     t - +1 cloak "Vylyo" {Regen+ Int+4}
rCorr  .         Harm     .     x - +0 pair of gloves (curse)
MR     ++...                    (no boots)
Stlth  +++++.....               l - amulet of magic regeneration
                                W - ring of see invisible
                                v - ring of poison resistance

@: no status effects
A: fangs 3, rugged brown scales 1, thin skeletal structure 1, regeneration 2,
robust 1, magic shield, antimagic bite, no device heal 3, rot immunity
a: Stomp, Line Pass, Renounce Religion
}: 2/15 runes: decaying, gossamer


You were on level 1 of the Depths.
You worshipped Uskayaw.
Uskayaw was aware of your devotion.
You were not hungry.

You visited 6 branches of the dungeon, and saw 31 of its levels.

You collected 2612 gold pieces.
You spent 286 gold pieces at shops.

Inventory:

Hand Weapons
 b - a +0 blowgun
 F - the +8 rapier "Tagefikud" (weapon) {flame, rElec rF+++ rN+ Dex-4}
   (You found it on level 10 of the Dungeon)

   It has been specially enchanted to burn those struck by it, causing extra
   injury to most foes and up to half again as much damage against particularly
   susceptible opponents.
   It affects your dexterity (-4).
   It renders you almost immune to fire.
   It insulates you from electricity.
   It protects you from negative energy.
Missiles
 e - 77 poisoned needles
 f - 10 curare-tipped needles
 J - 6 needles of paralysis
Armour
 r - the +4 ring mail "Petidu" (worn) {Int+3 Dex+3}
   (You found it on level 4 of the Dungeon)

   It affects your intelligence (+3).
   It affects your dexterity (+3).
 t - the +1 cloak "Vylyo" (worn) {Regen+ Int+4}
   (You found it on level 1 of the Swamp)

   It affects your intelligence (+4).
   It increases your rate of regeneration.
 x - a cursed +0 pair of gloves (worn)
 G - a +2 pair of gloves
 M - the cursed +0 buckler "Xihuemiw" (worn) {Str+10 Int-5 Dex-4 Slay+4}
   (You bought it in a shop on level 11 of the Dungeon)

   It affects your strength (+10).
   It affects your intelligence (-5).
   It affects your dexterity (-4).
   It affects your accuracy and damage with ranged weapons and melee attacks
   (+4).
   It has a curse placed upon it.
 S - a +0 helmet (worn)
Jewellery
 l - an amulet of magic regeneration (around neck)
 v - a ring of poison resistance (left hand)
 C - an uncursed ring of magical power
 O - a cursed -6 ring of dexterity
 U - a +4 ring of dexterity
 W - a ring of see invisible (right hand)
Wands
 c - a wand of disintegration (3/24)
 o - a wand of confusion (34/48)
 w - a wand of iceblast (8/15)
 z - a wand of teleportation (5/9)
 P - a wand of random effects (31/48)
 Z - a wand of paralysis (6/24)
Scrolls
 d - 3 scrolls of enchant armour
 j - 4 scrolls of magic mapping
 s - 5 scrolls of enchant weapon
 y - 5 scrolls of remove curse
 B - a scroll of silence
 E - 3 scrolls of fog
 Q - 3 scrolls of teleportation
 T - 2 scrolls of summoning
 V - a scroll of recharging
 Y - 12 scrolls of identify
Potions
 a - 2 potions of cancellation
 h - 4 potions of berserk rage
 m - 2 potions of haste
 n - 2 potions of resistance
 q - 4 potions of agility
 A - 2 potions of flight
 I - 4 potions of brilliance
 N - 4 potions of ambrosia
 R - a potion of magic
Books
 L - a book of the Earth

   Spells                             Type                      Level
   a - Leda's Liquefaction            Hexes/Earth                  4
   b - Bolt of Magma                  Conjuration/Fire/Earth       5
   c - Statue Form                    Transmutation/Earth          6
   d - Iron Shot                      Conjuration/Earth            6
   e - Shatter                        Earth                        9
Miscellaneous
 p - a phantom mirror
Comestibles
 g - 7 bread rations
 i - 11 fruits
 k - 2 slices of pizza
 u - a royal jelly
 D - 10 meat rations
 H - 8 beef jerkies


   Skills:
 - Level 12.0 Fighting
 - Level 13.6 Short Blades
 - Level 5.0 Throwing
 - Level 12.1 Armour
 - Level 10.3 Dodging
 - Level 10.5 Stealth
 - Level 7.4 Shields
 * Level 7.5 Unarmed Combat
 - Level 11.9 Invocations
 - Level 8.5 Evocations


You had 17 spell levels left.
You didn't know any spells.

Dungeon Overview and Level Annotations

Branches:
Dungeon (15/15)            Temple (1/1) D:5            Lair (6/6) D:8
  Swamp (4/4) Lair:2       Spider (4/4) Lair:4        Slime (0/5) Lair:5
    Orc (0/2) D:12         Vaults (0/5) D:13         Depths (1/5) D:15

Altars:
Ashenzari
Cheibriados
Dithmenos
Elyvilon
Fedhas
Gozag
Hepliaklqana
Kikubaaqudgha
Makhleb
Nemelex Xobeh
Okawaru
Qazlal
Ru
Sif Muna
Trog
Uskayaw
Vehumet
Xom
Yredelemnul
Zin
The Shining One

Shops:
D:9 ?   D:11 *

Portals:
Hell: Depths:1
Abyss: Depths:1
Pandemonium: Depths:1

Annotations:
D:4 2 runed doors
D:12 exclusion: downstairs


Innate Abilities, Weirdness & Mutations

You have razor-sharp teeth.
You heal very quickly.
When hurt, damage is shared between your health and your magic reserves.
Your bite disrupts and absorbs the magic of your enemies.
Potions and wands cannot restore your health.
You are immune to rotting.
You are partially covered in rugged brown scales. (AC +1, +3% HP)
You have a somewhat thin skeletal structure. (Dex +2, Stealth)
You are robust. (+10% HP)


Message History

You block the deep troll's attack. The deep troll barely misses you.
The deep troll closely misses you.
Things that are here:
a +0 troll leather armour; a deep troll corpse The deep troll closely misses you.
The deep troll claws you. You block the deep troll's attack.
You hit the deep troll. You burn the deep troll. You bite the deep troll.
You drain its power.
You feel invigorated.
The deep troll is lightly wounded.
The deep troll bites you!! The deep troll misses you.
The deep troll barely misses you.
You puncture the deep troll! You burn the deep troll. You bite the deep troll!
You drain its power.
You feel invigorated.
The deep troll is moderately wounded.
The deep troll bites you!!
* * * LOW HITPOINT WARNING * * *
The deep troll claws you!!
* * * LOW HITPOINT WARNING * * *
The deep troll claws you!!
You die...

#.......<#
###.......(###########
..'........#....)....#
..#........#.###.###.# #
#.#........#.###.###.# #
#.#........'.........# #
#.#........#.###.###.# #
#.#........#.# #.# #.# ########
#.#........#.# #@#
#.#####....... #.#........#.#
#T# #........#####
#.#........#.# #.# #####.##.#
#.#######'##.###T##### #.##.#
#.#.......?..(...T...###.##.####
#............###.........##....#
###.########## #####...........#
+...# ##.≈♣#####..# ##### #.≈♣P#
#..##


You could see an iron troll and 2 deep trolls.

Vanquished Creatures
  Arachne (Spider:2)
  Rupert (D:13)
  A sphinx (Depths:1)
  5 thorn hunters
  Roxanne (Spider:2)
  Kirke (D:14)
  A frost giant (D:15)
  Louise (Swamp:1)
  5 ghost moths (Spider:4)
  5 emperor scorpions
  2 stone giants (Depths:1)
  A very ugly thing (Depths:1)
  An entropy weaver (Spider:2)
  A dire elephant (Lair:6)
  5 spark wasps
  Azrael (D:14)
  Josephine (D:13)
  An ettin (Depths:1)
  A fire dragon (Depths:1)
  A great orb of eyes (Depths:1)
  An ice dragon (Depths:1)
  A ghost crab (Swamp:1)
  A rakshasa (Depths:1)
  14 hydras
  2 catoblepae
  A merfolk avatar (Lair:6)
  7 centaur warriors
  8 alligators
  A tengu warrior (Depths:1)
  The ghost of Wardy1 the Blocker, a novice DsFi of Qazlal (D:8)
  3 hell hogs (Depths:1)
  6 death yaks (Lair:6)
  A death knight (D:9)
  A deep troll earth mage (Depths:1)
  2 deep troll shamans (Depths:1)
  Sonja (Lair:1)
  4 spriggans
  3 iron trolls (Depths:1)
  4 unseen horrors
  3 swamp dragons
  A deep troll (Depths:1)
  11 hill giants
  A wizard (Depths:1)
  A shambling mangrove (Swamp:1)
  A spriggan druid (Swamp:3)
  Pikel (D:9)
  A harpy (Lair:6)
  A necromancer (Depths:1)
  25 wolf spiders
  25 orb spiders
  18 ugly things
  2 cyclopes
  4 manticores
  2 moths of wrath
  A molten gargoyle (Lair:1)
  Maurice (D:13)
  9 elephants
  Joseph (D:8)
  Psyche (D:8)
  5 black mambas
  2 torpor snails
  2 gargoyles
  A kobold demonologist (D:13)
  11 spiny frogs
  4 rime drakes
  15 demonic crawlers
  A tengu conjurer (D:15)
  A yaktaur (Depths:1)
  A spriggan skeleton (Depths:1)
  6 komodo dragons
  6 trolls
  A two-headed ogre (D:10)
  22 jumping spiders
  11 polar bears
  7 tyrant leeches
  5 bog bodies
  2 wind drakes (Lair:6)
  13 hornets
  12 blink frogs
  10 hippogriffs
  31 slime creatures
  A snapping turtle (shapeshifter) (Depths:1)
  An ice dragon zombie (Depths:1)
  2 dream sheep (Lair:6)
  A meliai zombie (D:14)
  51 redbacks
  A shadow (Swamp:2)
  49 yaks
  A vampire (D:9)
  38 tarantellas
  15 humans (D:13)
  3 fire bats (Lair:1)
  A steam dragon (D:8)
  4 wraiths
  6 hogs (D:14)
  2 wyverns
  A fire elemental (D:14)
  4 basilisks
  Grum (D:8)
  A hungry ghost (D:9)
  6 vampire mosquitoes
  3 mottled dragons
  4 insubstantial wisps (Swamp:1)
  A human zombie (Depths:1)
  15 hell hounds
  13 swamp worms
  22 water moccasins
  10 porcupines
  4 black bears
  3 slaves (D:9)
  2 eyes of draining
  7 ice beasts
  5 orc warriors
  5 sky beasts
  A hornet zombie (D:14)
  10 swamp drakes
  3 phantoms
  An ice dragon simulacrum (Depths:1)
  3 ogres
  14 centaurs
  7 boggarts
  13 wolves
  18 crocodiles
  3 big kobolds
  24 bullfrogs
  A wyvern skeleton (D:9)
  8 killer bees (D:10)
  6 scorpions
  6 wights
  4 howler monkeys
  An electric eel (Lair:3)
  6 crimson imps
  A bullfrog zombie (D:10)
  8 hounds
  7 jellies
  5 centaur zombies
  6 orc priests
  3 centaur skeletons
  2 gnoll shamans
  11 orc wizards
  2 bullfrog skeletons
  3 iguanas
  11 worker ants
  A hound skeleton (D:9)
  A worker ant zombie (D:6)
  13 gnolls
  A howler monkey skeleton (D:9)
  13 adders
  4 river rats
  3 shadow imps
  An ooze (D:1)
  2 adder skeletons
  18 worms
  3 dart slugs
  7 leopard geckos
  54 orcs
  A ball python (D:3)
  20 bats
  5 giant cockroaches
  5 goblins
  9 hobgoblins
  5 jackals
  25 kobolds
  5 quokkas
  9 frilled lizards
  A jackal zombie (D:6)
  2 leopard gecko skeletons
  2 quokka zombies
  14 rats
  A briar patch (Swamp:3)
1074 creatures vanquished.

Vanquished Creatures (others)
  An orc knight (D:13)
  2 humans
  A shadow imp (D:9)
  8 briar patches
  4 fungi
  7 plants
23 creatures vanquished.

Grand Total: 1097 creatures vanquished

Notes
Turn   | Place    | Note
-------+----------+-------------------------------------------
     0 | D:1      | vatarom the Vine Stalker Assassin began the quest for the Orb.
     0 | D:1      | Reached XP level 1. HP: 11/11 MP: 2/2
    23 | D:1      | Reached skill level 5 in Stealth
    61 | D:1      | Reached skill level 2 in Short Blades
   102 | D:1      | Reached XP level 2. HP: 15/15 MP: 3/3
   391 | D:1      | Reached XP level 3. HP: 17/18 MP: 2/4
   868 | D:2      | Reached skill level 3 in Short Blades
  1183 | D:2      | Gained mutation: You are partially covered in rugged brown scales. (AC +1, +3% HP) [potion of mutation]
  1183 | D:2      | Gained mutation: You have a somewhat thin skeletal structure. (Dex +2, Stealth) [potion of mutation]
  1183 | D:2      | Gained mutation: You are robust. (+10% HP) [potion of mutation]
  1423 | D:2      | Gained mutation: Your natural rate of healing is unusually fast. [Vine Stalker growth]
  1423 | D:2      | Reached XP level 4. HP: 18/25 MP: 5/5
  1599 | D:2      | Found a basalt altar of Yredelemnul.
  2125 | D:3      | Reached skill level 4 in Short Blades
  2242 | D:3      | Reached XP level 5. HP: 6/29 MP: 2/6
  3000 | D:4      | Reached skill level 5 in Short Blades
  3045 | D:4      | Found a large runed door.
  3045 | D:4      | Found a large runed door.
  3051 | D:4      | Reached XP level 6. HP: 33/33 MP: 7/7
  3057 | D:4      | Got a bloodstained ring mail
  3058 | D:4      | Identified the +4 ring mail "Petidu" {Int+3 Dex+3} (You found it on level 4 of the Dungeon)
  3088 | D:4      | Reached skill level 1 in Armour
  3294 | D:4      | Found a large runed door.
  3327 | D:4      | Found a large runed door.
  3336 | D:4      | Reached XP level 7. HP: 38/38 MP: 8/8
  4015 | D:4      | Gained mutation: You have razor-sharp teeth. [Vine Stalker growth]
  4015 | D:4      | Reached XP level 8. HP: 42/44 MP: 9/9
  4071 | D:5      | Entered Level 5 of the Dungeon
  4072 | D:5      | Found a staircase to the Ecumenical Temple.
  4143 | Temple   | Entered the Ecumenical Temple
  4420 | D:5      | Found a faded altar of an unknown god.
  4420 | D:5      | Found a shadowy altar of Dithmenos.
  4425 | D:5      | Found a faded altar of an unknown god.
  4427 | D:5      | Found a bloodstained altar of Trog.
  4429 | D:5      | Found a blossoming altar of Fedhas.
  4476 | D:5      | Found a hide-covered altar of Uskayaw.
  4541 | D:5      | Became a worshipper of Uskayaw the Reveler
  4636 | D:5      | Reached * piety under Uskayaw
  4793 | D:5      | Reached ** piety under Uskayaw
  5131 | D:5      | Reached skill level 1 in Invocations
  5142 | D:5      | Reached *** piety under Uskayaw
  5307 | D:5      | Found a shimmering altar of Xom.
  5747 | D:6      | Reached skill level 1 in Shields
  5751 | D:6      | Reached **** piety under Uskayaw
  5987 | D:6      | Reached XP level 9. HP: 51/51 MP: 13/13
  6017 | D:6      | Reached skill level 5 in Invocations
  6029 | D:6      | Found a burning altar of Makhleb.
  6573 | D:7      | Reached skill level 1 in Dodging
  6893 | D:8      | Noticed Grum
  7065 | D:8      | Found a white marble altar of Elyvilon.
  7116 | D:8      | Noticed Psyche
  7116 | D:8      | Noticed Wardy1's ghost (novice DsFi)
  7126 | D:8      | Noticed Joseph
  7260 | D:9      | Reached XP level 10. HP: 57/57 MP: 16/16
  7322 | D:9      | Noticed a hill giant
  7470 | D:9      | Noticed a death knight
  7491 | D:9      | HP: 2/57 [death knight/morningstar (15)]
  7508 | D:9      | You fall through a shaft for 2 floors!
  7813 | D:11     | Noticed a hill giant
  7834 | D:11     | Killed a hill giant
  8196 | D:11     | Reached skill level 5 in Dodging
  8204 | D:11     | Noticed a gargoyle
  8224 | D:11     | Killed a gargoyle
  8268 | D:11     | Found Saugh's Assorted Antiques.
  8271 | D:11     | Bought a bloodstained buckler for 237 gold pieces
  8281 | D:11     | Identified the cursed +0 buckler "Xihuemiw" {Str+10 Int-5 Dex-4 Slay+4} (You bought it in a shop on level 11 of the Dungeon)
  8362 | D:11     | Killed an unseen horror
  8468 | D:10     | Entered Level 10 of the Dungeon
  8601 | D:10     | Reached XP level 11. HP: 61/61 MP: 18/18
  8783 | D:10     | Reached ***** piety under Uskayaw
  8788 | D:10     | Killed an unseen horror
  8791 | D:10     | Noticed a hill giant
  8792 | D:10     | Reached skill level 10 in Stealth
  8819 | D:10     | Killed a hill giant
  8958 | D:10     | Noticed a hill giant
  8967 | D:10     | Killed a hill giant
  9407 | D:10     | Noticed a hill giant
  9441 | D:10     | Killed a hill giant
  9441 | D:10     | Reached skill level 5 in Fighting
  9531 | D:10     | Got a smoking rapier
  9532 | D:10     | Identified the +8 rapier "Tagefikud" {flame, rElec rF+++ rN+ Dex-4} (You found it on level 10 of the Dungeon)
  9670 | D:9      | Noticed Pikel
  9688 | D:9      | Killed Pikel
  9707 | D:9      | Noticed a centaur warrior
  9724 | D:9      | Killed a centaur warrior
  9829 | D:9      | Killed a death knight
  9829 | D:9      | Reached skill level 6 in Short Blades
  9931 | D:9      | Found Geylouq's Magic Scroll Emporium.
  9939 | D:9      | Bought a scroll of fear for 49 gold pieces
  9949 | D:9      | Gained mutation: You heal very quickly. [Vine Stalker growth]
  9949 | D:9      | Reached XP level 12. HP: 69/70 MP: 19/19
 10378 | D:9      | Reached skill level 7 in Short Blades
 10671 | D:8      | Found a staircase to the Lair.
 10714 | D:8      | Killed Wardy1's ghost
 10799 | D:8      | Killed Grum
 10821 | D:8      | Killed Joseph
 10854 | D:8      | Killed Psyche
 10861 | D:8      | Reached skill level 8 in Short Blades
 11004 | D:8      | Found a hazy altar of Hepliaklqana.
 11505 | D:12     | Found a staircase to the Orcish Mines.
 11569 | D:13     | Found a gate to the Vaults.
 11569 | D:13     | Noticed Rupert
 11569 | D:13     | Noticed a centaur warrior
 11569 | D:13     | Noticed Maurice
 11696 | Lair:1   | Entered Level 1 of the Lair of Beasts
 11872 | Lair:1   | Reached skill level 9 in Short Blades
 11923 | Lair:1   | Noticed Sonja
 11937 | Lair:1   | Killed Sonja
 12226 | Lair:1   | Reached ****** piety under Uskayaw
 12227 | Lair:1   | Reached skill level 10 in Short Blades
 12293 | Lair:1   | Reached XP level 13. HP: 73/73 MP: 20/20
 12571 | Lair:2   | Found a staircase to the Swamp.
 12850 | Lair:2   | Reached skill level 11 in Short Blades
 12850 | Lair:2   | Reached skill level 5 in Armour
 13752 | Lair:4   | Found a hole to the Spider Nest.
 14837 | Lair:5   | Found a staircase to the Slime Pits.
 15217 | Lair:5   | Reached XP level 14. HP: 74/81 MP: 21/21
 15718 | Lair:6   | Entered Level 6 of the Lair of Beasts
 15900 | Lair:6   | Noticed a dire elephant
 15914 | Lair:6   | Killed a dire elephant
 15996 | Lair:6   | Reached skill level 10 in Fighting
 16398 | Lair:6   | Got a smoking robe
 16399 | Lair:6   | Identified the +1 robe "Cefelucs" {*Contam rPois Str+5 Int+9} (You found it on level 6 of the Lair of Beasts)
 16730 | Lair:6   | Got a brightly glowing chain mail
 16739 | Lair:6   | Identified the +2 chain mail of Niekel {rN+ MR+ Int+4} (You found it on level 6 of the Lair of Beasts)
 17170 | D:13     | Reached skill level 1 in Evocations
 17225 | D:13     | Reached XP level 15. HP: 94/94 MP: 22/22
 17273 | D:13     | Killed Rupert
 17344 | D:13     | Reached skill level 5 in Evocations
 17364 | D:13     | Killed Maurice
 17388 | D:13     | Noticed Josephine
 17396 | D:13     | Killed Josephine
 18360 | D:14     | Noticed Kirke
 18376 | D:14     | Killed Kirke
 18476 | D:14     | Noticed Azrael
 18487 | D:14     | Killed Azrael
 19011 | D:15     | Entered Level 15 of the Dungeon
 19119 | D:15     | Found a staircase to the Depths.
 19119 | D:15     | Noticed a frost giant
 19125 | D:15     | Killed a frost giant
 19854 | Depths:1 | Entered Level 1 of the Depths
 19895 | Depths:1 | Found a one-way gate leading to the halls of Pandemonium.
 20189 | Swamp:1  | Entered Level 1 of the Swamp
 20201 | Swamp:1  | Noticed Louise
 20212 | Swamp:1  | Killed Louise
 20290 | Swamp:1  | Reached XP level 16. HP: 99/99 MP: 23/23
 20415 | Swamp:1  | Got a faintly glowing cloak
 20416 | Swamp:1  | Identified the +1 cloak "Vylyo" {Regen+ Int+4} (You found it on level 1 of the Swamp)
 20514 | Swamp:1  | Reached skill level 10 in Armour
 21058 | Swamp:2  | Noticed a thorn hunter
 21067 | Swamp:2  | Killed a thorn hunter
 21401 | Swamp:2  | Noticed a thorn hunter
 21416 | Swamp:2  | Killed a thorn hunter
 21585 | Swamp:3  | Noticed a thorn hunter
 21594 | Swamp:2  | Killed a thorn hunter
 21769 | Swamp:3  | Noticed a thorn hunter
 21783 | Swamp:3  | Killed a thorn hunter
 22414 | Swamp:3  | Reached skill level 10 in Dodging
 22428 | Swamp:4  | Entered Level 4 of the Swamp
 22637 | Swamp:4  | Got a decaying rune of Zot
 22644 | Swamp:4  | Noticed a thorn hunter
 22687 | Swamp:4  | Noticed a thorn hunter
 22701 | Swamp:4  | Killed a thorn hunter
 22909 | Spider:1 | Entered Level 1 of the Spider Nest
 22973 | Spider:1 | Reached XP level 17. HP: 105/105 MP: 24/24
 23026 | Spider:1 | Reached skill level 5 in Throwing
 23627 | Spider:1 | Reached skill level 5 in Shields
 24748 | Spider:2 | Noticed Roxanne
 24882 | Spider:2 | Noticed Arachne
 24909 | Spider:2 | Killed Arachne
 25163 | Spider:2 | Killed Roxanne
 25529 | Spider:2 | Reached skill level 10 in Invocations
 26462 | Spider:4 | Entered Level 4 of the Spider Nest
 26983 | Spider:4 | Reached skill level 12 in Short Blades
 27036 | Spider:4 | Reached XP level 18. HP: 103/110 MP: 27/27
 27599 | Spider:4 | Reached skill level 13 in Short Blades
 28166 | Spider:4 | Got a gossamer rune of Zot
 28623 | Depths:1 | Reached skill level 1 in Unarmed Combat
 28756 | Depths:1 | Found a gateway to Hell.
 28965 | Depths:1 | Reached skill level 5 in Unarmed Combat
 29047 | Depths:1 | Found a sparkling altar of Nemelex Xobeh.
 29087 | Depths:1 | Found a one-way gate to the infinite horrors of the Abyss.
 29403 | Depths:1 | Mangled by a deep troll

Skill      XL: |  1  2  3  4  5  6  7  8  9 10 11 12 13 14 15 16 17 18 |
---------------+-------------------------------------------------------+-----
Stealth        | 5 8 10 | 10.5
Short Blades   | 2 3 4 5 6 10 11 12 13 | 13.6
Armour         | 2 4 7 9 12 | 12.1
Fighting       | 2 4 6 7 12 | 12.0
Invocations    | 4 7 8 11 | 11.9
Shields        | 2 4 7 |  7.4
Dodging        | 2 6 8 9 10 | 10.3
Evocations     | 3 8 |  8.5
Throwing       | 4 5 |  5.0
Unarmed Combat | 7 |  7.5

Action                   |  1- 3 |  4- 6 |  7- 9 | 10-12 | 13-15 | 16-18 || total
-------------------------+-------+-------+-------+-------+-------+-------++-------
Melee: Dagger            |    80 |   111 |       |       |       |       ||   191
       Bite              |    19 |    42 |   148 |   238 |   364 |   511 ||  1322
       Short sword       |       |     1 |   388 |   304 |       |       ||   693
       Rapier            |       |       |       |   264 |   799 |  1170 ||  2233
 Fire: Blowgun           |     2 |    11 |    18 |    18 |     2 |    22 ||    73
Invok: Stomp             |       |       |     1 |     1 |     2 |     2 ||     6
       Line Pass         |       |       |       |     3 |       |     1 ||     4
       Grand Finale      |       |       |       |       |     2 |       ||     2
  Use: Scroll            |     6 |     4 |     6 |    11 |    10 |    16 ||    53
       Potion            |     2 |     2 |     5 |     2 |     1 |    12 ||    24
 Stab: Sleeping          |    11 |    22 |    21 |    22 |    35 |    22 ||   133
       Paralysed         |       |       |     6 |    27 |    59 |    70 ||   162
       Confused          |       |       |       |     2 |       |     1 ||     3
       Distracted        |       |       |       |     8 |     6 |     9 ||    23
       Invisible         |       |       |       |       |     1 |       ||     1
       Held in net/web   |       |       |       |       |       |     1 ||     1
  Eat: Chunk             |     2 |     5 |     4 |     7 |     2 |       ||    20
       Fruit             |       |       |     1 |       |       |       ||     1
       Beef jerky        |       |       |     1 |       |       |       ||     1
       Bread ration      |       |       |     2 |     2 |     5 |     6 ||    15
       Pizza             |       |       |     1 |       |       |       ||     1
       Meat ration       |       |       |       |       |     1 |     2 ||     3
       Royal jelly       |       |       |       |       |     1 |       ||     1
Armor: Robe              |    25 |    22 |     3 |       |       |       ||    50
       Ring mail         |       |       |   152 |   133 |   193 |   376 ||   854
Dodge: Dodged            |    36 |    36 |   204 |   278 |   412 |   839 ||  1805
Block: Buckler           |       |       |    43 |   125 |   170 |   252 ||   590
